 Dungeon Crawl Stone Soup version 0.30-a0-457-g4b7bca3bfa (webtiles) character file.

Game seed: 7229449915928102337

6634 dixiedixie the Geomancer (level 10, -6/81 HPs)
             Began as a Troll Earth Elementalist on Dec 13, 2022.
             Was a Priest of Uskayaw.
             Mangled by a black mamba (11 damage)
             ... on level 1 of the Lair of Beasts on Dec 14, 2022.
             The game lasted 00:43:30 (10319 turns).

dixiedixie the Geomancer (TrEE)                    Turns: 10319, Time: 00:43:32

Health: -6/81      AC: 11    Str: 18    XL:     10   Next: 72%
Magic:  0/11       EV: 13    Int: 21    God:    Uskayaw [***...]
Gold:   624        SH:  0    Dex: 10    Spells: 1/11 levels left

rFire   . . .      SeeInvis .      - Unarmed
rCold   . . .      Faith    .    (no shield)
rNeg    . . .      Spirit   .    J - +0 acid dragon scales
rPois   .          Reflect  .    (helmet restricted)
rElec   .          Harm     .    q - +2 cloak {rCorr}
rCorr   +          Rampage  .    (gloves unavailable)
Will    .....                    (boots unavailable)
Stlth   +.........               c - amulet of the acrobat
HPRegen 1.13/turn                s - +6 ring of intelligence
MPRegen 0.12/turn                N - +4 ring of evasion

@: lethally poisoned (-6 -> -9)
A: large, unfitting armour, claws 3, regeneration 1, shaggy fur 1, tough skin 1
a: Renounce Religion, Stomp, Line Pass


You were on level 1 of the Lair of Beasts.
You worshipped Uskayaw.
Uskayaw was noncommittal.
You visited 3 branches of the dungeon, and saw 13 of its levels.

You collected 624 gold pieces.

Inventory:

Hand Weapons
 r - a +3 quarterstaff of chaos
 L - the +6 long sword of Contradiction {vorpal, rElec rC- Will+}
   (You found it on level 10 of the Dungeon)

   It inflicts extra damage upon your enemies.
   rC:        It makes you vulnerable to cold.
   rElec:     It insulates you from electricity.
   Will:      It increases your willpower.
Missiles
 d - 16 poisoned darts
 e - 67 stones
 F - 2 curare-tipped darts
Armour
 a - a +0 robe
 q - a +2 cloak of preservation (worn)
 u - a +1 robe of fire resistance
 w - an orb of light
 J - +0 acid dragon scales (worn)
Jewellery
 c - an amulet of the acrobat (around neck)
 s - a +6 ring of intelligence (left claw)
 K - a ring of protection from fire
 N - a +4 ring of evasion (right claw)
 Q - a ring of resist corrosion
Wands
 l - a wand of roots (19)
 y - a wand of paralysis (12)
 B - a wand of light (11)
 E - a wand of flame (6)
Scrolls
 f - 9 scrolls of identify {unknown}
 g - a scroll of fear {unknown}
 h - 2 scrolls of poison {unknown}
 i - 6 scrolls of teleportation
 o - 2 scrolls of enchant weapon {unknown}
 v - a scroll of noise {unknown}
 x - 2 scrolls of enchant armour {unknown}
 A - a scroll of amnesia {unknown}
 D - a scroll of silence {unknown}
 M - a scroll of blinking {unknown}
 O - a scroll of vulnerability {unknown}
 P - a scroll of immolation {unknown}
Potions
 b - 6 potions of magic
 k - a potion of berserk rage {unknown}
 m - a potion of degeneration {unknown}
 n - a potion of cancellation {unknown}
 p - 2 potions of resistance {unknown}
 t - 3 potions of flight {unknown}
 z - 5 potions of heal wounds {unknown}
 C - a potion of brilliance {unknown}
 G - 2 potions of might {unknown}
 H - a potion of invisibility {unknown}
 I - a potion of lignification {unknown}


   Skills:
 - Level 1.5 Dodging
 - Level 1.2 Stealth
 - Level 3.7 Unarmed Combat
 - Level 1.2 Spellcasting
 - Level 0.6 Transmutations
 * Level 14.3 Earth Magic
 - Level 3.0 Invocations


You had one spell level left.
You knew the following spells:

 Your Spells              Type           Power      Damage    Failure   Level
a - Sandblast             Erth           100%       2d20      1%          1
b - Passwall              Tmut/Erth      26%        N/A       1%          2
c - Stone Arrow           Conj/Erth      62%        3d10      3%          3
d - Petrify               Tmut/Erth      32%        N/A       10%         4

Your spell library contained the following spells:

 Spells                   Type           Power      Damage    Failure   Level
 Lee's Rapid Deconstruct  Erth           28%        3d15*     1%          5
 Wereblood                Tmut           3%         N/A       26%         2
 Sublimation of Blood     Necr           1%         N/A       32%         2
 Gell's Gravitas          Tloc           1%         N/A       54%         3
 Kindle Blastsparks       Fire/Tloc/Air  2%         2d10      54%         3
 Lesser Beckoning         Tloc           2%         N/A       54%         3
 Teleport Other           Tloc           1%         N/A       54%         3
 Fulminant Prism          Conj/Hex       0%         3d5       91%         4
 Iskenderun's Mystic Bla  Conj/Tloc      1%         2d3       91%         4
 Summon Hydra             Summ           0%         N/A       100%        7


Dungeon Overview and Level Annotations

Branches:
Dungeon (11/15)            Temple (0/1) D:6            Lair (1/5) D:11
    Orc (1/2) D:9

Altars:
Cheibriados
Trog
Uskayaw
Wu Jian
Yredelemnul
Zin

Shops:
D:8 [   Orc:1 [

Annotations:
D:10 Maurice, Nergalle


Innate Abilities, Weirdness & Mutations

You are too large for most types of armour.
You have claws for hands.
Your natural rate of healing is unusually fast.
You are covered in fur. (AC +1)
You have tough skin. (AC +1)


Message History

Uskayaw will force your foes to helplessly watch your dance.
Casting: Sandblast (safe; 1% risk of failure)
Confirm with . or Enter, or press ? or * to list all spells.
Aiming: Sandblast (safe; 1% risk of failure)
Press: ? - help, Shift-Dir - straight line, f/p - black mamba
Aim: a black mamba (almost dead, 76% to hit)
The blast of sand hits the black mamba.
The black mamba is almost dead.
You feel extremely sick. The black mamba bites you!
* * * LOW HITPOINT WARNING * * *
You are lethally poisoned!
The black mamba poisons you! The black mamba bites you.
* * * LOW HITPOINT WARNING * * *
The black mamba misses you.
You feel better. The black mamba bites you.
* * * LOW HITPOINT WARNING * * *
You are poisoned.
The black mamba poisons you! The black mamba barely misses you.
You feel better. The black mamba bites you!
* * * LOW HITPOINT WARNING * * *
You scratch the black mamba but do no damage.
The black mamba is almost dead.
The black mamba bites you!
* * * LOW HITPOINT WARNING * * *
The black mamba misses you.
You feel better. The black mamba bites you.
* * * LOW HITPOINT WARNING * * *
The black mamba bites you.
* * * LOW HITPOINT WARNING * * *
You are poisoned.
The black mamba poisons you!
Aiming: Bolt of Light
Press: ? - help, Shift-Dir - straight line, f/p - black mamba
Aim: a black mamba (almost dead, 53% to hit)
The bolt of light misses the black mamba.
* * * LOW HITPOINT WARNING * * *
You feel very sick. The black mamba bites you!
You die...

# #..
#....##########
#......@.......
#......S.......
#..............
#.$............
#....##########
#.... #... #...


You could see a black mamba.

Vanquished Creatures
  Sigmund (D:6)
  8 yaks
  2 wraiths (D:9)
  Edmund (D:6)
  A two-headed ogre zombie (D:9)
  2 acid dragons
  A water moccasin (D:7)
  An ice beast (D:6)
  7 orc warriors
  A sky beast (D:6)
  3 ogres
  4 black bears
  5 centaurs
  2 kobold brigands (D:9)
  5 phantoms
  Blork the orc (D:5)
  2 bullfrogs
  A necrophage (D:5)
  3 scorpions
  2 troll zombies (D:9)
  11 killer bees
  2 howler monkeys (D:9)
  2 hounds (D:5)
  Crazy Yiuf (D:5)
  A jelly (D:8)
  5 orc priests
  7 iguanas
  Ijyb (D:3)
  Natasha (thrice) (D:3)
  4 orc wizards
  5 ogre zombies (D:9)
  6 gnolls
  6 adders
  A shadow imp (D:8)
  A white imp (D:8)
  2 ufetubi
  A worm (D:4)
  A dart slug (D:1)
  32 orcs
  4 bats
  8 endoplasms
  4 giant cockroaches
  9 goblins
  8 hobgoblins
  2 jackals (D:1)
  3 quokkas
  8 ball pythons
  2 frilled lizards
  A goblin skeleton (D:9)
  4 goblin zombies (D:9)
  3 hobgoblin zombies (D:9)
  16 kobolds
  An orc skeleton (D:9)
  16 orc zombies (D:9)
  7 rats
241 creatures vanquished.

Notes
Turn   | Place    | Note
-------+----------+-------------------------------------------
     0 | D:1      | dixiedixie the Troll Earth Elementalist began the quest for
                  | the Orb.
     0 | D:1      | Reached XP level 1. HP: 16/16 MP: 1/1
    63 | D:1      | Reached skill level 1 in Unarmed Combat
   115 | D:1      | Reached XP level 2. HP: 24/24 MP: 2/2
   122 | D:1      | Learned a level 2 spell: Passwall
   898 | D:2      | Reached XP level 3. HP: 31/31 MP: 3/3
  1505 | D:2      | Reached XP level 4. HP: 39/39 MP: 2/4
  1734 | D:3      | Noticed Ijyb
  1739 | D:3      | Noticed Natasha
  1745 | D:3      | Killed Ijyb
  1746 | D:3      | Reached skill level 3 in Earth Magic
  1753 | D:3      | Killed Natasha
  1812 | D:3      | Reached XP level 5. HP: 45/45 MP: 2/5
  1877 | D:3      | Reached skill level 4 in Earth Magic
  1908 | D:3      | Noticed Natasha
  1917 | D:3      | Killed Natasha
  2105 | D:3      | Noticed Natasha
  2113 | D:3      | Killed Natasha
  2293 | D:3      | Found a glowing silver altar of Zin.
  2550 | D:4      | Reached XP level 6. HP: 53/53 MP: 3/6
  2552 | D:4      | Reached skill level 5 in Earth Magic
  2556 | D:4      | Learned a level 3 spell: Stone Arrow
  2672 | D:4      | Reached skill level 6 in Earth Magic
  3158 | D:4      | Reached XP level 7. HP: 49/59 MP: 1/7
  3660 | D:5      | Entered Level 5 of the Dungeon
  3825 | D:5      | Reached skill level 7 in Earth Magic
  4204 | D:5      | Reached skill level 8 in Earth Magic
  4286 | D:5      | Found a hide-covered altar of Uskayaw.
  4302 | D:5      | Noticed Blork the orc
  4309 | D:5      | Killed Blork the orc
  4310 | D:5      | Reached XP level 8. HP: 22/67 MP: 1/8
  4481 | D:5      | Found an ornate altar of the Wu Jian Council.
  4614 | D:5      | Found a runed translucent door.
  4615 | D:5      | Noticed Crazy Yiuf
  4895 | D:5      | Became a worshipper of Uskayaw the Reveller
  4945 | D:5      | Reached * piety under Uskayaw
  4946 | D:5      | Killed Crazy Yiuf
  5182 | D:6      | Noticed Edmund
  5191 | D:6      | Reached ** piety under Uskayaw
  5206 | D:6      | Killed Edmund
  5210 | D:6      | Reached skill level 9 in Earth Magic
  5211 | D:6      | Reached *** piety under Uskayaw
  5430 | D:7      | Reached **** piety under Uskayaw
  5566 | D:6      | Reached skill level 10 in Earth Magic
  5566 | D:6      | Reached skill level 1 in Invocations
  5652 | D:6      | Reached XP level 9. HP: 67/74 MP: 5/9
  5749 | D:6      | Noticed Sigmund
  5754 | D:6      | Killed Sigmund
  6080 | D:6      | Learned a level 4 spell: Petrify
  6203 | D:6      | Reached skill level 11 in Earth Magic
  6272 | D:6      | Found a staircase to the Ecumenical Temple.
  6699 | D:7      | Found a basalt altar of Yredelemnul.
  6706 | D:7      | Found a bloodstained altar of Trog.
  6991 | D:8      | Noticed a boulder beetle
  7600 | D:8      | Found Rulynere's Superior Scales.
  7843 | D:9      | Reached skill level 12 in Earth Magic
  8013 | D:9      | Found a snail-covered altar of Cheibriados.
  8255 | D:9      | Found a staircase to the Orcish Mines.
  8268 | D:9      | Reached XP level 10. HP: 80/81 MP: 4/11
  8286 | D:9      | Reached ***** piety under Uskayaw
  9035 | D:9      | Reached skill level 13 in Earth Magic
  9476 | D:10     | Entered Level 10 of the Dungeon
  9476 | D:10     | Noticed Maurice
  9514 | Orc:1    | Entered Level 1 of the Orcish Mines
  9516 | Orc:1    | Found Fisee's Antique Armour Shop.
  9723 | Orc:1    | Noticed an orc high priest
  9749 | Orc:1    | Noticed a sun demon
  9870 | D:10     | Identified the +6 long sword of Contradiction {vorpal,
                  | rElec rC- Will+}
  9928 | D:10     | Noticed Nergalle
 10215 | D:11     | Noticed a boulder beetle
 10269 | D:11     | Reached skill level 14 in Earth Magic
 10294 | D:11     | Noticed a cyclops
 10297 | D:11     | Found a staircase to the Lair.
 10308 | Lair:1   | Entered Level 1 of the Lair of Beasts
 10308 | Lair:1   | Noticed a black mamba
 10319 | Lair:1   | Mangled by a black mamba

Illustrated notes

Levels and vault maps discovered:
D:1:      dpeg_arrival_shelter, layout_loops_ring
D:2:      layout_loops_ring, roderic_roman_lattice
D:3:      layout_rooms, zin_academy, uniq_ijyb, uniq_natasha
D:4:      layout_loops_ring, roderic_serpentine_path
D:5:      layout_gridville, nicolae_wu_jian_immortal_techniques,
          lemuel_tele_altar, st_stairs_10, chequers_serial_rivers_large_b,
          serial_bayou_pond_e, minmay_misc_feat_x, uniq_blork_the_orc,
          uniq_crazy_yiuf_cottage
D:6:      layout_basic, minmay_temple_entry_proselytizer, st_stairs_3,
          serial_park_tiny_2, uniq_sigmund, uniq_edmund
D:7:      layout_loops_ring, amethyst_overflow_temple_binary
D:8:      layout_basic, hellmonk_scale_shop
D:9:      layout_stronghold, lemuel_round_altar, zombieorc2_lemuel,
          dk_vineyard_1, chequers_serial_rivers_micro_e, eino_jars
D:10:     layout_rooms, minivault_16, uniq_nergalle, uniq_maurice
D:11:     layout_basic, lair_entry_dummy, special_room [special_room_orc],
          nrook_mini_backslash, wad_rectangle_vault
Lair:1:   lemuel_slime, layout_long_grid
Orc:1:    layout_caves, serial_shops, nicolae_shop_crystal, bh_open_orc_temple

Skill      XL: |  1  2  3  4  5  6  7  8  9 10 |
---------------+-------------------------------+-----
Unarmed Combat | 1 2 3 |  3.7
Earth Magic    | 3 4 6 8 10 12 14 | 14.3
Invocations    | 2 3 |  3.0
Dodging        | |  1.5
Stealth        | |  1.2
Spellcasting   | |  1.2
Transmutations | |  0.6

Action                   |  1- 3 |  4- 6 |  7- 9 | 10-12 || total
-------------------------+-------+-------+-------+-------++-------
Melee: Unarmed           |   104 |    66 |    69 |    93 ||   332
       Punch             |       |     1 |     1 |     5 ||     7
Throw: Throwing net      |       |     1 |       |       ||     1
 Cast: Sandblast         |    19 |    77 |   179 |   104 ||   379
       Stone Arrow       |       |       |     6 |     1 ||     7
       Petrify           |       |       |       |     2 ||     2
Invok: Line Pass         |       |       |       |     2 ||     2
Evoke: Wand              |       |       |       |     2 ||     2
  Use: Potion            |       |     1 |     1 |     3 ||     5
       Scroll            |       |       |     1 |       ||     1
 Stab: Paralysed         |       |       |     7 |     6 ||    13
Armor: Robe              |    32 |    36 |    51 |    31 ||   150
       Acid dragon scale |       |       |       |    38 ||    38
Dodge: Dodged            |    65 |    49 |    91 |   130 ||   335

Table legend: (Time is in decaauts)
 A = Elapsed time spent in this place.
 B = Non-inter-level travel time spent in this place.
 C = Inter-level travel time spent in this place.
 D = Time resting spent in this place.
 E = Time spent auto-exploring this place.
 F = Levels seen in this place.
 G = Mean time per level.
                   A        B        C        D        E       F      G
               +--------+--------+--------+--------+--------+-----+--------+
         Total |  10526 |  10117 |    409 |   2478 |   5723 |  13 |  809.7 |
       Dungeon |  10272 |   9864 |    408 |   2424 |   5600 |  11 |  933.8 |
          Lair |     13 |     13 |      0 |      0 |      0 |   1 |   13.0 |
  Orcish Mines |    240 |    240 |      0 |     54 |    123 |   1 |  240.0 |
               +--------+--------+--------+--------+--------+-----+--------+

Top non-repeatable levels by time:
     D:9: 1977 daAuts
     D:5: 1428 daAuts
     D:4: 1146 daAuts
     D:6: 1102 daAuts
     D:3: 879 daAuts
     D:8: 871 daAuts
     D:1: 864 daAuts
     D:7: 852 daAuts
     D:2: 839 daAuts
   Orc:1: 240 daAuts
    D:10: 219 daAuts
    D:11: 91 daAuts
  Lair:1: 13 daAuts
